 Dungeon Crawl Stone Soup version 0.29.0-4-gdea44cf6ec (webtiles) character file.

Game seed: 16327256811984147405

2110 qw the Cleaver (level 9, -7/54 HPs)
             Began as a Tengu Warper on Aug 28, 2022.
             Splashed by a jelly's acid (9 damage)
             ... on level 7 of the Dungeon.
             The game lasted 00:00:45 (6292 turns).

qw the Cleaver (Tengu Warper)                       Turns: 6292, Time: 00:00:46

Health: -7/54      AC: -4    Str: 15    XL:     9   Next: 28%
Magic:  13/13      EV: 17    Int: 16    God:
Gold:   375        SH:  0    Dex: 14    Spells: 12/12 levels left

rFire   . . .      SeeInvis +   k - +4 hand axe (vamp)
rCold   . . .      Faith    .   (no shield)
rNeg    . . .      Spirit   .   j - +0 chain mail
rPois   +          Reflect  .   e - +2 hat
rElec   +          Harm     .   (no cloak)
rCorr   .          Rampage  .   (no gloves)
Will    .....                   (boots unavailable)
Stlth   ..........              (no amulet)
HPRegen 0.18/turn               l - +4 ring of evasion
MPRegen 0.13/turn               d - ring "Jitu" {rElec rPois EV+4 Int+2 SInv}

@: corroded, flying quickly and evasively, quick
A: beak, talons 3, nimble flight
a: no special abilities


You were on level 7 of the Dungeon.
You visited 2 branches of the dungeon, and saw 8 of its levels.

You collected 375 gold pieces.


Innate Abilities, Weirdness & Mutations

You have a beak for a mouth.
You have claws for feet.
Your magical nature lets you fly swiftly and evasively.


   Skills:
 - Level 5.0 Fighting
 + Level 11.1 Axes
 - Level 1.0 Throwing
 - Level 4.4 Armour
 - Level 3.3 Dodging
 - Level 2.0 Spellcasting
 - Level 2.4 Translocations


You had 12 spell levels left.
You didn't know any spells.
Your spell library contained the following spells:

 Spells                   Type           Power      Damage    Failure   Level
 Blink                    Tloc           18%        N/A       91%         2
 Gell's Gravitas          Tloc           9%         N/A       99%         3
 Lesser Beckoning         Tloc           9%         N/A       99%         3
 Teleport Other           Tloc           9%         N/A       99%         3
 Manifold Assault         Tloc           9%         N/A       100%        5

Inventory:

Hand Weapons
 c - a +0 flail
 k - a +4 vampiric hand axe (weapon)
Missiles
 i - 3 boomerangs (quivered)
Armour
 e - a +2 hat (worn)
 j - a +0 chain mail (worn)
Jewellery
 d - the ring "Jitu" (right hand) {rElec rPois EV+4 Int+2 SInv}
   (You found it on level 4 of the Dungeon)

   [ring of evasion]

   EV:        It affects your evasion (+4).
   Int:       It affects your intelligence (+2).
   rElec:     It insulates you from electricity.
   rPois:     It protects you from poison.
   SInv:      It lets you see invisible.
 l - a +4 ring of evasion (left hand)
Scrolls
 a - 2 scrolls of identify
 b - a scroll of amnesia {unknown}
Potions
 f - 2 potions of haste
 g - 2 potions of heal wounds
 h - 3 potions of curing

Dungeon Overview and Level Annotations

Branches:
Dungeon (7/15)             Temple (1/1) D:6

Altars:
Ashenzari
Cheibriados
Dithmenos
Elyvilon
Fedhas
Kikubaaqudgha
Makhleb
Nemelex Xobeh
Qazlal
Ru
Trog
Uskayaw
Vehumet
Xom
Yredelemnul
Zin
The Shining One

Shops:
D:5 :

Annotations:
D:5 1 runed translucent door, Crazy Yiuf
D:7 2 transporters, qw's ghost, novice TeWr


Message History

The jelly misses you.
You hit the orc warrior.
You feel better.
You claw the orc warrior, but do no damage.
The orc warrior is severely wounded.
You hit the jelly but do no damage. The acid corrodes you!
Your hands burn!
You hit the iguana but do no damage.
You hit the orc warrior but do no damage.
Your kick misses the orc warrior.
The orc warrior is severely wounded.
You hit the wyvern but do no damage. You hit the iguana but do no damage.
You hit the jelly but do no damage.
Your hands burn!
The orc warrior closely misses you. The jelly barely misses you.
The iguana closely misses you. The wyvern closely misses you.
You hit the orc warrior but do no damage.
Your peck misses the orc warrior.
The orc warrior is severely wounded.
You barely miss the iguana. You hit the jelly.
You feel better.
Your hands burn!
You hit the wyvern but do no damage. The orc warrior closely misses you.
The iguana barely misses you. The jelly misses you. The wyvern misses you.
You hit the orc warrior but do no damage.
The orc warrior is severely wounded.
You hit the jelly but do no damage.
Your hands burn!
You hit the wyvern but do no damage. You hit the iguana but do no damage.
The wyvern closely misses you. The jelly hits you.
You are splashed with acid!
The iguana barely misses you.
You hit the orc warrior but do no damage.
The orc warrior is severely wounded.
You hit the wyvern.
You feel better.
You barely miss the iguana. You barely miss the jelly.
The wyvern barely misses you.
You hit the orc warrior but do no damage.
You claw the orc warrior, but do no damage.
Your peck misses the orc warrior.
The orc warrior is severely wounded.
You hit the iguana but do no damage. You hit the jelly.
You feel better.
Your hands burn!
You closely miss the wyvern.
The orc warrior hits you with a +0 war axe!
The jelly hits you. The acid corrodes you!
You are splashed with acid!
You die...

..#........#...#..^..#
....#...##.#..##..#...
......#.##.#....# .#.
.#......##.##=.... #..
###.####..##.### .##
#######.#.###..###^####.
........................
......l........##..#####
.....ol@#.#######.######
......oJ#...............
.......o################
........# .....>.##
....... ....... .......


You could see an orc warrior, a wyvern, an iguana, a jelly, an orc priest and an
orc.

Vanquished Creatures
  A steam dragon (D:6)
  An ice beast (D:6)
  2 sky beasts
  2 black bears
  A centaur (D:7)
  2 kobold brigands
  A bullfrog (D:4)
  2 necrophages (D:5)
  3 scorpions
  5 wights (D:6)
  A howler monkey (D:5)
  2 hounds (D:5)
  3 orc priests
  2 jellies
  6 iguanas
  5 orc wizards
  4 adders
  2 shadow imps (D:5)
  2 ufetubi
  A worm (D:3)
  2 dart slugs
  21 orcs
  6 endoplasms
  2 giant cockroaches
  8 goblins
  8 hobgoblins
  6 jackals
  16 kobolds
  2 quokkas (D:1)
  5 ball pythons
  9 bats
  5 frilled lizards
  4 rats
142 creatures vanquished.

Vanquished Creatures (others)
  6 plants
6 creatures vanquished.

Grand Total: 148 creatures vanquished

Notes
Turn   | Place    | Note
-------+----------+-------------------------------------------
     0 | D:1      | qw the Tengu Warper began the quest for the Orb.
     0 | D:1      | Reached XP level 1. HP: 12/12 MP: 4/4
     0 | D:1      | 0 ||| qw: Version: 0.1-a-89-g26bdef1
     0 | D:1      | 0 ||| qw: Game counter: 1106
     0 | D:1      | 0 ||| qw: Always use a shield: true
     0 | D:1      | 0 ||| qw: God list: Okawaru
     0 | D:1      | 0 ||| qw: Allow faded altars: false
     0 | D:1      | 0 ||| qw: Do Orc after D:15 true
     0 | D:1      | 0 ||| qw: Do second Lair branch before Depths: true
     0 | D:1      | 0 ||| qw: Lair rune preference: random
     0 | D:1      | 0 ||| qw: Plans: Normal
     0 | D:1      | 0 ||| PLANNING D:1-11
   133 | D:1      | 133 ||| Stepping ~*~*~tactically~*~*~ (stealth).
   161 | D:1      | Reached XP level 2. HP: 17/17 MP: 6/6
   172 | D:1      | 172 ||| Stepping ~*~*~tactically~*~*~ (hiding).
   183 | D:1      | Reached skill level 3 in Axes
   315 | D:1      | 315 ||| Stepping ~*~*~tactically~*~*~ (stealth).
   324 | D:1      | Found a faded altar of an unknown god.
   493 | D:1      | Reached XP level 3. HP: 21/21 MP: 7/7
   606 | D:1      | Reached skill level 4 in Axes
   737 | D:1      | 737 ||| UPGRADING to +2 hat.
   742 | D:1      | 742 ||| READING 4 scrolls labelled NEFOEP QORI.
   743 | D:1      | 743 ||| READING 3 scrolls of enchant weapon.
   743 | D:1      | 743 ||| ENCHANTING +1 hand axe.
   744 | D:1      | 744 ||| READING 2 scrolls of enchant weapon.
   744 | D:1      | 744 ||| ENCHANTING +2 hand axe.
   745 | D:1      | 745 ||| READING scroll of enchant weapon.
   745 | D:1      | 745 ||| ENCHANTING +3 hand axe.
   746 | D:1      | 746 ||| READING scroll labelled AXIPIJ KOTH.
   747 | D:1      | 747 ||| READING scroll labelled ACSAEKKIMIY.
   748 | D:1      | 748 ||| READING scroll labelled BUCLEL WEUSTU.
   749 | D:1      | 749 ||| READING 2 scrolls labelled SOATHR CITWILU.
   750 | D:1      | 750 ||| DROPPING scroll of blinking.
   853 | D:2      | 853 ||| Stepping ~*~*~tactically~*~*~ (hiding).
   856 | D:2      | 856 ||| Stepping ~*~*~tactically~*~*~ (hiding).
   905 | D:2      | 905 ||| Stepping ~*~*~tactically~*~*~ (stealth).
   912 | D:2      | 912 ||| Stepping ~*~*~tactically~*~*~ (stealth).
  1065 | D:2      | Reached XP level 4. HP: 15/26 MP: 8/8
  1446 | D:2      | 1446 ||| DROPPING +0 club.
  1483 | D:2      | 1483 ||| DRINKING 2 fuming dark potions.
  1484 | D:2      | 1484 ||| DRINKING 2 green potions.
  1485 | D:2      | 1485 ||| DROPPING potion of degeneration.
  1525 | D:3      | 1525 ||| DROPPING +0 whip.
  1593 | D:3      | 1593 ||| Stepping ~*~*~tactically~*~*~ (stealth).
  1687 | D:3      | Reached skill level 5 in Axes
  1941 | D:3      | Found a radiant altar of Vehumet.
  2111 | D:3      | 2111 ||| Stepping ~*~*~tactically~*~*~ (stealth).
  2133 | D:3      | 2133 ||| Stepping ~*~*~tactically~*~*~ (water).
  2346 | D:3      | 2346 ||| UPGRADING to +4 ring of evasion.
  2347 | D:3      | 2347 ||| READING scroll labelled SYQEGE QUAQ.
  2351 | D:3      | 2351 ||| DRINKING 2 puce potions.
  2352 | D:3      | 2352 ||| READING 4 scrolls of identify.
  2352 | D:3      | 2352 ||| IDENTIFYING golden potion
  2353 | D:3      | 2353 ||| READING 3 scrolls of identify.
  2353 | D:3      | 2353 ||| IDENTIFYING orange potion
  2354 | D:3      | 2354 ||| READING 2 scrolls of identify.
  2354 | D:3      | 2354 ||| IDENTIFYING sedimented white potion
  2355 | D:3      | 2355 ||| DROPPING potion of magic.
  2356 | D:3      | 2356 ||| DROPPING potion of ambrosia.
  2357 | D:3      | 2357 ||| DROPPING potion of flight.
  2410 | D:4      | Noticed a bullfrog
  2416 | D:4      | Killed a bullfrog
  2417 | D:4      | Reached skill level 6 in Axes
  2417 | D:4      | Gained mutation: Your magical nature lets you fly swiftly
                  | and evasively. [Tengu growth]
  2417 | D:4      | Reached XP level 5. HP: 23/30 MP: 9/9
  2417 | D:4      | 2417 ||| STAIRDANCE
  2535 | D:4      | 2535 ||| Stepping ~*~*~tactically~*~*~ (hiding).
  2540 | D:4      | 2540 ||| Stepping ~*~*~tactically~*~*~ (hiding).
  2801 | D:4      | Found a bloodstained altar of Trog.
  2819 | D:4      | 2819 ||| Stepping ~*~*~tactically~*~*~ (stealth).
  2821 | D:4      | 2821 ||| Stepping ~*~*~tactically~*~*~ (stealth).
  2828 | D:4      | 2828 ||| Stepping ~*~*~tactically~*~*~ (stealth).
  2835 | D:4      | 2835 ||| Stepping ~*~*~tactically~*~*~ (stealth).
  2836 | D:4      | 2836 ||| FLEEEEING.
  2837 | D:4      | 2837 ||| FLEEEEING.
  2838 | D:4      | 2838 ||| FLEEEEING.
  2839 | D:4      | 2839 ||| FLEEEEING.
  2840 | D:4      | 2840 ||| FLEEEEING.
  2841 | D:4      | 2841 ||| STAIRDANCE
  2865 | D:3      | 2865 ||| UPGRADING to +0 scale mail.
  2875 | D:3      | 2875 ||| DROPPING +0 leather armour.
  2876 | D:3      | 2876 ||| UPGRADING to +0 chain mail.
  2886 | D:3      | 2886 ||| DROPPING +0 scale mail.
  2887 | D:3      | 2887 ||| DRINKING 2 cyan potions.
  2888 | D:3      | 2888 ||| DROPPING potion of brilliance.
  3022 | D:4      | Identified the ring "Jitu" {rElec rPois EV+4 Int+2 SInv}
  3107 | D:4      | Noticed a kobold brigand
  3110 | D:4      | 3110 ||| FLEEEEING.
  3111 | D:4      | 3111 ||| FLEEEEING.
  3112 | D:4      | 3112 ||| FLEEEEING.
  3121 | D:4      | 3121 ||| FLEEEEING.
  3122 | D:4      | 3122 ||| FLEEEEING.
  3123 | D:4      | 3123 ||| FLEEEEING.
  3124 | D:4      | 3124 ||| FLEEEEING.
  3125 | D:4      | 3125 ||| FLEEEEING.
  3126 | D:4      | 3126 ||| FLEEEEING.
  3127 | D:4      | 3127 ||| FLEEEEING.
  3128 | D:4      | 3128 ||| FLEEEEING.
  3135 | D:4      | 3135 ||| STAIRDANCE
  3326 | D:3      | 3326 ||| UPGRADING to ring "Jitu" {rElec rPois EV+4 Int+2
                  | SInv}.
  3334 | D:4      | 3334 ||| FLEEEEING.
  3335 | D:4      | 3335 ||| FLEEEEING.
  3336 | D:4      | 3336 ||| FLEEEEING.
  3337 | D:4      | 3337 ||| FLEEEEING.
  3338 | D:4      | 3338 ||| FLEEEEING.
  3339 | D:4      | 3339 ||| FLEEEEING.
  3340 | D:4      | 3340 ||| FLEEEEING.
  3341 | D:4      | 3341 ||| FLEEEEING.
  3342 | D:4      | 3342 ||| FLEEEEING.
  3343 | D:4      | 3343 ||| FLEEEEING.
  3344 | D:4      | 3344 ||| FLEEEEING.
  3345 | D:4      | 3345 ||| FLEEEEING.
  3346 | D:4      | 3346 ||| FLEEEEING.
  3348 | D:4      | 3348 ||| STAIRDANCE
  3466 | D:4      | Killed a kobold brigand
  3467 | D:4      | Reached XP level 6. HP: 28/35 MP: 10/10
  3467 | D:4      | 3467 ||| STAIRDANCE
  3762 | D:4      | 3762 ||| READING scroll labelled AFOTHR HOMELYZI.
  3804 | D:4      | 3804 ||| Stepping randomly (stuck).
  3845 | D:5      | Entered Level 5 of the Dungeon
  3860 | D:5      | Reached skill level 7 in Axes
  3921 | D:5      | Noticed a black bear
  3927 | D:5      | Killed a black bear
  3928 | D:5      | Reached skill level 3 in Fighting
  3928 | D:5      | Reached XP level 7. HP: 36/41 MP: 11/11
  3928 | D:5      | 3928 ||| FLEEEEING.
  3929 | D:5      | 3929 ||| FLEEEEING.
  3930 | D:5      | 3930 ||| FLEEEEING.
  4011 | D:5      | Found a runed translucent door.
  4012 | D:5      | Noticed Crazy Yiuf
  4095 | D:5      | Reached skill level 8 in Axes
  4459 | D:5      | 4459 ||| Stepping ~*~*~tactically~*~*~ (hiding).
  4482 | D:5      | 4482 ||| Stepping ~*~*~tactically~*~*~ (stealth).
  4507 | D:5      | 4507 ||| Stepping ~*~*~tactically~*~*~ (stealth).
  4530 | D:5      | 4530 ||| Stepping ~*~*~tactically~*~*~ (hiding).
  4560 | D:5      | Found Quimer Gesu's Tremendous Tomes.
  4807 | D:5      | Reached skill level 9 in Axes
  4807 | D:5      | Reached XP level 8. HP: 46/46 MP: 12/12
  4849 | D:5      | Reached skill level 3 in Armour
  4855 | D:5      | 4855 ||| Stepping ~*~*~tactically~*~*~ (stealth).
  4932 | D:5      | 4932 ||| READING scroll labelled WUYHUU XAWK.
  4933 | D:5      | 4933 ||| READING 3 scrolls of identify.
  4933 | D:5      | 4933 ||| IDENTIFYING fuming orange potion
  4934 | D:5      | 4934 ||| READING 2 scrolls of identify.
  4934 | D:5      | 4934 ||| IDENTIFYING blue potion
  4935 | D:5      | 4935 ||| DROPPING potion of lignification.
  5011 | D:4      | 5011 ||| Stepping randomly (stuck).
  5025 | D:6      | 5025 ||| Stepping ~*~*~tactically~*~*~ (hiding).
  5043 | D:6      | HP: 9/48 [steam dragon] (6)]
  5044 | D:6      | 5044 ||| DRINKING 3 potions of heal wounds.
  5281 | D:6      | 5281 ||| Stepping ~*~*~tactically~*~*~ (stealth).
  5286 | D:6      | 5286 ||| Stepping ~*~*~tactically~*~*~ (stealth).
  5329 | D:6      | Reached skill level 10 in Axes
  5410 | D:6      | Found a staircase to the Ecumenical Temple.
  5411 | D:6      | 5411 ||| PLANNING TEMPLE
  5411 | D:6      | 5411 ||| READING scroll labelled MOOLLAQ FIDGH.
  5421 | Temple   | Entered the Ecumenical Temple
  5535 | Temple   | 5535 ||| PLANNING D:1-11
  5687 | D:6      | 5687 ||| Stepping ~*~*~tactically~*~*~ (stealth).
  5706 | D:6      | Reached XP level 9. HP: 54/54 MP: 13/13
  5786 | D:6      | Reached skill level 3 in Dodging
  5867 | D:6      | Reached skill level 11 in Axes
  6010 | D:6      | 6010 ||| READING scroll labelled CECZIOHEORGH.
  6201 | D:7      | Found a transporter.
  6201 | D:7      | Noticed qw's ghost (novice TeWr)
  6211 | D:7      | Noticed a moth of wrath
  6223 | D:7      | Found a transporter.
  6292 | D:7      | HP: 3/54 [orc warrior/+0 war axe (12)]
  6292 | D:7      | Splashed by a jelly's acid

Levels and vault maps discovered:
D:1:      heliophobic_arrival_enchanted_forest, layout_basic,
          basic_ecumenical_altar
D:2:      layout_rooms
D:3:      layout_basic, nicolae_vehumet_altar_sigil, st_stairs_5,
          hex_intersection, serial_bayou_pond_b, grunt_ministairs_6,
          dreamdust_princess_bridge
D:4:      layout_basic, nicolae_overflow_hidden_temple
D:5:      layout_basic, kennysheep_cross_room, nicolae_shop_i_like_big_books,
          uniq_crazy_yiuf_cottage
D:6:      layout_cave_pools, minmay_temple_entry_antechambers
D:7:      minmay_skewed_foursquare, layout_basic,
          gammafunk_ghost_berserking_beasts, minmay_misc_feat_more_columns,
          hangedman_abyss_or_decor_lesser_grid, serial_bayou_lake_a
Temple:   regret_index_temple_waves

Skill      XL: |  1  2  3  4  5  6  7  8  9 |
---------------+----------------------------+-----
Axes           | 3 4 6 7 9 10 11 | 11.1
Armour         | 2 3 4 |  4.4
Fighting       | 3 5 |  5.0
Dodging        | 3 |  3.3
Throwing       | |  1.0
Spellcasting   | |  2.0
Translocations | |  2.4

Action                   |  1- 3 |  4- 6 |  7- 9 || total
-------------------------+-------+-------+-------++-------
Melee: Hand axe          |    55 |   110 |   235 ||   400
       Kick              |     9 |    17 |    68 ||    94
       Peck              |     7 |    20 |    47 ||    74
       Punch             |       |     1 |     3 ||     4
Throw: Boomerang         |    34 |    23 |     7 ||    64
  Use: Scroll            |     8 |     5 |     5 ||    18
       Potion            |       |     4 |     1 ||     5
Armor: Leather armour    |    15 |    10 |       ||    25
       Chain mail        |       |     9 |    41 ||    50
Dodge: Dodged            |    25 |    74 |   165 ||   264

Table legend:
 A = Non-vault XP
 B = Vault XP
 C = Vault XP percentage of total XP
 D = Non-vault monster count
 E = Vault monster count
 F = Vault count percentage of total count
                 A         B        C        D         E       F
            +---------+---------+-------+---------+---------+-------
      Total |    3002 |      13 |   0.4 |     135 |       7 |   4.9
            +---------+---------+-------+---------+---------+-------
        D:1 |      48 |       0 |   0.0 |      27 |       0 |   0.0
        D:2 |      43 |       0 |   0.0 |      12 |       0 |   0.0
        D:3 |      47 |      13 |  21.7 |      20 |       7 |  25.9
        D:4 |     267 |       0 |   0.0 |      14 |       0 |   0.0
        D:5 |     910 |       0 |   0.0 |      23 |       0 |   0.0
        D:6 |    1399 |       0 |   0.0 |      32 |       0 |   0.0
        D:7 |     288 |       0 |   0.0 |       7 |       0 |   0.0
            +---------+---------+-------+---------+---------+-------
